[Event "*** Titled Tuesday Blitz"]
[Site "Chess.com"]
[Date "2020.12.01"]
[Round "6"]
[White "superchess02"]
[Black "rychessmaster1"]
[Result "0-1"]
[WhiteElo "2758"]
[BlackElo "2581"]
[TimeControl "180+1"]
[EndTime "11:05:19 PST"]
[Termination "rychessmaster1 won by resignation"]

1. d3 d5 2. Nf3 g6 3. Nc3 Bg7 4. g3 Nf6 5. Bg2 O-O 6. O-O c5 7. a3 Nc6 8. Rb1 a5 9. e4 dxe4 10. dxe4 Bg4 11. h3 Bxf3 12. Bxf3 Nd4 13. Bg2 e5 14.
Bg5 Qd6 15. Bxf6 Bxf6 16. Nd5 Bg7 17. f4 Rad8 18. f5 gxf5 19. exf5 e4 20. f6 Bh6 21. Ne7+ Kh8 22. Qh5 Qxg3 23. Qxh6 Nf3+ 24. Rxf3 exf3 25. Qg7+ Qxg7 26. fxg7+ Kxg7 27. Bxf3 Rd2 28. Bxb7 Rxc2 29. Be4 Re2 30. Nf5+ Kf6 31. Rf1 Ke5 32. Bc6 Rg8+ 33. Kh1 Rxb2 34. Ne3 Kd4 35. Nf5+ Kc3 36. Rf3+ Kc4 37. h4 Rg6 38. Be4 Kb5 39. h5 Re6 40. Bd3+ Ka4 41. Ne3 Rh6 42. Rf5 Rd2 43. Rd5 Kb3 44.
Bc4+ Kc3 45. Nd1+ Rxd1+ 46. Rxd1 Rxh5+ 47. Kg2 Kxc4 48. Rf1 f5 49. Rf3 a4 50. Kg3 Rg5+ 51.
Kf4 Rg1 52. Ke5 Rd1 53. Rxf5 Rd5+ 0-1

[Event "*** Titled Tuesday Blitz"]
[Site "Chess.com"]
[Date "2020.12.01"]
[Round "6"]
[White "NitaLucian"]
[Black "ApacheSVD"]
[Result "1-0"]
[WhiteElo "2317"]
[BlackElo "2415"]
[TimeControl "180+1"]
[EndTime "11:05:20 PST"]
[Termination "NitaLucian won by resignation"]

1. e4 c5 2. d3 g6 3. Nd2 Bg7 4. Ngf3 d6 5. g3 Nf6 6. Bg2 O-O 7. O-O Nc6 8. c3 Bd7 9. d4 cxd4 10. cxd4 Ne8 11. d5 Ne5 12. Nxe5 Bxe5 13. Nf3 Bg7 14. Rb1 Qa5 15. a3 Nf6 16. Re1 Rac8 17. Bd2 Qb6 18. Bc3 Bg4 19. h3 Bxf3 20. Bxf3 Nd7 21. Bxg7 Kxg7 22.
Be2 Ne5 23. Kg2 Rc7 24. Qd2 Rfc8 25. Rbc1 Qb3 26. Rxc7 Rxc7 27. Rc1 Rxc1 28. Qxc1 Qa4 29. f3 Qd4 30. Qc3 Qxc3 31. bxc3 b6 32. f4 Nd7 33.
Kf3 Nc5 34. Ke3 e6 35. Kd4 Kf6 36. e5+ Ke7 37. Bc4 h6 38. dxe6 fxe6 39. exd6+ Kxd6 40. g4 Nd7 41. h4 e5+ 42. fxe5+ Nxe5 43. Be2 g5 44. hxg5 hxg5 45. Ke4 Ke6 46. Kd4 a5 47. Bc4+ Kd6 48. Be2 Ke6 49. Ke4 Nd7 50. Bc4+ Kf6 51. Kd5 Ke7 52. Bb5 Nf6+ 53. Kc6 Nxg4 54. Kxb6 Kd6 55.
c4 Ne5 56. c5+ Ke7 57. c6 Kd8 58. c7+ Kc8 59. Ba6+ Kd7 60. c8=Q+ 1-0

[Event "*** Titled Tuesday Blitz"]
[Site "Chess.com"]
[Date "2020.12.01"]
[Round "6"]
[White "dhaessel"]
[Black "GodDMuhammad"]
[Result "0-1"]
[WhiteElo "1863"]
[BlackElo "2277"]
[TimeControl "180+1"]
[EndTime "11:05:20 PST"]
[Termination "GodDMuhammad won by checkmate"]

1. d4 Nf6 2. c4 e5 3. dxe5 Ng4 4. e3 Nxe5 5. Nh3 Nbc6 6. Nf4 Bb4+ 7. Bd2 Bxd2+ 8. Qxd2 d6 9. Nc3 Bf5 10. Be2 O-O 11.
O-O h6 12. h3 Re8 13. b3 a6 14. Rad1 Qg5 15. Kh2 Rad8 16. Nfd5 Qh4 17. Nxc7 Re7 18.
N7d5 Re6 19. Nf4 Ree8 20. g3 Qe7 21. Ncd5 Qd7 22. Nb6 Qc7 23. Nfd5 Qb8 24. f4 Ng6 25. Bf3 Be4 26. Bxe4 Rxe4 27. Qd3 Rde8 28. h4 f5 29. Rf3 h5 30. Nc3 Nh8 31. Nbd5 Nf7 32. Qb1 Nh6 33. Nxe4 fxe4 34. Rff1 Ng4+ 35. Kg2 Ne7 36. Qxe4 Nxd5 37. Qxd5+ Kf8 38. Qf5+ Kg8 39. Qd5+ Kf8 40. Qxh5 Nxe3+ 41. Kh2 Nxf1+ 42. Rxf1 Qc7 43. Rd1 Qb6 44. Qh8+ Kf7 45. Qh5+ Kf8 46. Qf3 Re3 47. Qf2 d5 48. Re1 d4 49.
Rxe3 dxe3 50. Qe2 Qd4 51. Kg2 Qe4+ 52. Kf1 Qh1# 0-1

[Event "*** Titled Tuesday Blitz"]
[Site "Chess.com"]
[Date "2020.12.01"]
[Round "6"]
[White "Kostya_Nikologorskiy"]
[Black "SlavenPastar"]
[Result "1-0"]
[WhiteElo "2706"]
[BlackElo "2512"]
[TimeControl "180+1"]
[EndTime "11:05:21 PST"]
[Termination "Kostya_Nikologorskiy won on time"]

1. d4 b6 2. e4 Bb7 3. Bd3 Nf6 4. Nd2 e6 5. Ngf3 d5 6. e5 Ne4 7. Qe2 Nxd2 8. Bxd2 a5 9. O-O c5 10. Bb5+ Bc6 11. a4 Be7 12. c3 Bxb5 13. Qxb5+ Qd7 14. Qd3 Nc6 15. Bg5 Bxg5 16. Nxg5 cxd4 17. cxd4 Nb4 18. Qe2 h6 19. Nh3 Rc8 20. Nf4 O-O 21. b3 Rc2 22.
Qg4 Qe7 23. h4 f5 24. Qg3 Rfc8 25. Rfe1 R8c3 26. Re3 Rxe3 27. fxe3 Rc3 28. Nh5 Kh7 29. Nf4 Qf7 30. h5 Nd3 31. Qg6+ Kg8 32. Nxe6 Nb4 33. Rf1 Rc6 34. Qxf7+ Kxf7 35. Nd8+ Ke7 36. Nxc6+ Nxc6 37. Rxf5 Nb4 38. Rf1 Nc2 39. Rc1 Nxe3 40. Rc7+ Ke6 41.
Rxg7 Kf5 42. Rg6 Nc2 43. e6 Nxd4 44. e7 1-0

[Event "*** Titled Tuesday Blitz"]
[Site "Chess.com"]
[Date "2020.12.01"]
[Round "6"]
[White "GameOverBro"]
[Black "Homino"]
[Result "0-1"]
[WhiteElo "2513"]
[BlackElo "2397"]
[TimeControl "180+1"]
[EndTime "11:05:21 PST"]
[Termination "Homino won by resignation"]

1. e4 c5 2. Ne2 Nc6 3. Nbc3 g6 4.
d4 cxd4 5. Nxd4 Bg7 6. Nde2 Nf6 7. g3 O-O 8. Bg2 d6 9. O-O a5 10. Nd5 a4 11. a3 Be6 12. Nef4 Bd7 13. Re1 Rc8 14.
h3 Ne5 15. c3 Nc4 16. Nxf6+ Bxf6 17. Nd5 Bg7 18. Qc2 Re8 19. Bg5 b5 20. Rad1 Be6 21. Nb4 Ne5 22. f4 Bb3 23. Qe2 Bxd1 24. Rxd1 Nc4 25.
e5 Qb6+ 26. Kh2 dxe5 27. Nd5 Qe6 28. Nxe7+ Rxe7 29. Bd5 Qf5 30. Bxe7 exf4 31. Rf1 fxg3+ 32. Kxg3 Qxd5 33. Bh4 Be5+ 34. Kf2 Nd6 35. Kg1 Ne4 36. Qf3 f5 37. Bf2 Rd8 38. Be3 Qd3 39. h4 Qc2 40.
Re1 Qh2+ 41. Kf1 Ng3+ 0-1

[Event "*** Titled Tuesday Blitz"]
[Site "Chess.com"]
[Date "2020.12.01"]
[Round "6"]
[White "chessmachine14"]
[Black "guillembaches"]
[Result "1-0"]
[WhiteElo "2256"]
[BlackElo "2384"]
[TimeControl "180+1"]
[EndTime "11:05:21 PST"]
[Termination "chessmachine14 won by resignation"]

1. e4 c5 2. Nf3 d6 3. d4 cxd4 4. Nxd4 Nf6 5. Nc3 Nc6 6. Bc4 Bd7 7. Bg5 e6 8. Qd2 a6 9. O-O-O h6 10. Bh4 Nxe4 11. Nxe4 Qxh4 12. Rhe1 Ne5 13. Nxd6+ Bxd6 14. Nf5 Nxc4 15. Nxd6+ Nxd6 16. Qxd6 O-O-O 17. Rd4 Qg5+ 18. f4 Bc6 19. fxg5 Rxd6 20. Rxd6 hxg5 21. Rg1 Rxh2 22.
Rd2 g4 23. g3 Rh5 24. Re2 Bf3 25. Rf2 Rd5 26. Rd2 Re5 27. Rd3 Re2 28. Rd2 Re4 29. Rd3 Rc4 30. c3 Rc5 31. Rd4 Kc7 32. Re1 b5 33. Re3 Rh5 34. Red3 Rh1+ 35. Kc2 Rh2+ 36. Rd2 Rh3 37. Rd7+ Kc6 38. R2d6+ Kc5 39. b4+ Kc4 40. Rc7+ 1-0

[Event "*** Titled Tuesday Blitz"]
[Site "Chess.com"]
[Date "2020.12.01"]
[Round "6"]
[White "GregShahade"]
[Black "jefferyx"]
[Result "0-1"]
[WhiteElo "2701"]
[BlackElo "2917"]
[TimeControl "180+1"]
[EndTime "11:05:22 PST"]
[Termination "jefferyx won by checkmate"]

1. e4 Nf6 2. e5 Nd5 3. d4 d6 4. Nf3 g6 5. Bc4 c6 6. O-O Bg7 7. exd6 Qxd6 8. h3 O-O 9. Nbd2 Nd7 10. Re1 a5 11. Ne4 Qc7 12. c3 a4 13. Bg5 N7b6 14.
Bd3 Bf5 15. Qd2 Bxe4 16. Bxe4 e6 17. Rad1 Nc4 18. Qe2 b5 19. g3 Rfe8 20. Bd3 a3 21.
Bxc4 bxc4 22. Qxc4 axb2 23. Rb1 Ra3 24. Bd2 Rb8 25.
Re2 Qa7 26. Ne1 Rxa2 27. Nc2 Qa4 28. Nb4 Nxb4 29. cxb4 Qa6 30. Qxa6 Rxa6 31. Rxb2 Bxd4 32. Rc2 Rb5 33. Re4 e5 34. Kg2 f5 35. Re1 Kf7 36.
Rec1 Rbb6 37. Rc4 Ke6 38. f4 Ra2 39. R1c2 Rxc2 40. Rxc2 e4 41. Kf1 Kd5 42. Ke2 Ra6 43. g4 Ra3 44. gxf5 gxf5 45. h4 Rh3 46. b5 cxb5 47.
Rc8 Rxh4 48. Rd8+ Kc4 49. Rc8+ Kb3 50. Rd8 Rh2+ 51. Kd1 Kc4 52. Rc8+ Kd3 53. Rd8 Rxd2+ 54. Kc1 e3 55. Re8 e2 56. Kb1 Rd1+ 57. Ka2 e1=Q 58.
Re3+ Kxe3 59. Kb3 Qc3+ 60. Ka2 Ra1# 0-1

[Event "*** Titled Tuesday Blitz"]
[Site "Chess.com"]
[Date "2020.12.01"]
[Round "6"]
[White "karinachess1"]
[Black "eCztery"]
[Result "1-0"]
[WhiteElo "2489"]
[BlackElo "2332"]
[TimeControl "180+1"]
[EndTime "11:05:23 PST"]
[Termination "karinachess1 won by checkmate"]

1. e4 c5 2. Nf3 g6 3. d4 cxd4 4. Qxd4 Nf6 5. Qa4 Bg7 6. Nc3 O-O 7. e5 Ne8 8. Bf4 d5 9. exd6 Nxd6 10. Be2 Bd7 11.
Qa3 Bc6 12. Rd1 Nd7 13. O-O Nb6 14. Qb3 Rc8 15. Rfe1 Qd7 16. Ne5 Qf5 17. Bg3 Bxe5 18. Bd3 Bxg3 19. Bxf5 Bxf2+ 20. Kxf2 Nxf5 21. a4 e6 22. a5 Nd5 23. Nxd5 Bxd5 24. Qd3 Rc4 25. b3 Rfc8 26. bxc4 Rxc4 27. g3 Nd4 28. c3 Nb5 29. Rc1 Nd6 30. Kg1 Ne4 31. Re3 Ng5 32. h4 Ne4 33. Qb1 Nc5 34. Qb5 Rg4 35. Qe8+ Kg7 36. Rf1 Ne4 37. Qxf7+ Kh6 38. Qf8+ Kh5 39. Kh2 h6 40. Qg7 g5 41. Qf7# 1-0

[Event "*** Titled Tuesday Blitz"]
[Site "Chess.com"]
[Date "2020.12.01"]
[Round "6"]
[White "LamaChampetre"]
[Black "zurzan"]
[Result "1-0"]
[WhiteElo "2224"]
[BlackElo "2072"]
[TimeControl "180+1"]
[EndTime "11:05:24 PST"]
[Termination "LamaChampetre won by resignation"]

1. d4 d6 2. c4 f5 3. g3 Nf6 4.
Bg2 g6 5. Nf3 Bg7 6. O-O O-O 7.
Nbd2 c6 8. b3 a5 9. Bb2 Na6 10. a3 Qc7 11. Qc2 Re8 12. e4 fxe4 13. Nxe4 Nxe4 14. Qxe4 Bf5 15. Qe2 e5 16. dxe5 dxe5 17.
Ng5 h6 18. Ne4 Rad8 19. Rad1 Rxd1 20. Rxd1 Rd8 21. c5 Rxd1+ 22. Qxd1 Kh7 23. Nd6 Nxc5 24. Nxf5 gxf5 25. Qc2 Ne4 26. Bxe4 fxe4 27. Qxe4+ Kg8 28. Qg6 Qf7 29. Qd3 b5 30. b4 a4 31. Qd8+ Kh7 32.
Qd3+ Qg6 33. Qd2 Qb1+ 34. Kg2 Qe4+ 35. Kg1 Qd5 36. Qc2+ Kg8 37. Bc3 e4 38. Bxg7 Kxg7 39. Qc3+ Kf7 40. Qh8 Qd1+ 41. Kg2 Qf3+ 42. Kg1 Qf6 43.
Qh7+ Ke6 44. Qxe4+ Kd7 45. Qd3+ Kc7 46. Kg2 Qe6 47.
Qf3 Qd5 48. Qxd5 cxd5 49. Kf3 Kd6 50. Ke3 Ke5 51. f4+ Kf5 52. Kd4 Ke6 53. g4 Kd6 54. f5 h5 55. gxh5 Ke7 56. h6 Kf6 57. Kxd5 Kf7 58.
Kc5 Kf6 59. Kxb5 1-0

[Event "*** Titled Tuesday Blitz"]
[Site "Chess.com"]
[Date "2020.12.01"]
[Round "6"]
[White "canary2016"]
[Black "mr65"]
[Result "1/2-1/2"]
[WhiteElo "1991"]
[BlackElo "2181"]
[TimeControl "180+1"]
[EndTime "11:05:24 PST"]
[Termination "Game drawn by repetition"]

1. d4 Nf6 2. Bf4 g6 3. Nc3 d5 4. e3 Bg7 5. h4 h5 6. Nf3 Bg4 7. Qd2 Bxf3 8. gxf3 Nbd7 9. Bd3 c5 10.
O-O-O cxd4 11. exd4 Qa5 12. Rde1 e6 13. Rhg1 Rc8 14.
Kb1 Rxc3 15. Qxc3 Qxc3 16. bxc3 Nb6 17. Bb5+ Ke7 18. Bg5 a6 19. Bd3 Rc8 20. Re3 Rxc3 21. Rge1 Rc6 22. f4 Kd7 23. f3 Ne8 24. c3 Nd6 25. Bc2 Ndc4 26. R3e2 Bf8 27. Bb3 Na3+ 28. Kb2 Nbc4+ 29. Bxc4 Nxc4+ 30. Kc2 Na3+ 31. Kb2 Nc4+ 32.
Kc2 Na3+ 33. Kd3 Nb5 34. Rc2 Na3 35. Rb2 b5 36. Bf6 Bd6 37. Be5 Be7 38. Rh1 Nc4 39.
Rc2 Na3 40. Rb2 Nc4 41. Rc2 Ba3 42. Re2 Nb6 43. Rc2 Nc4 44. Bf6 Nb2+ 45. Kd2 Nc4+ 46. Kd3 Nb2+ 47. Kd2 Nc4+ 48. Kd3 1/2-1/2

[Event "*** Titled Tuesday Blitz"]
[Site "Chess.com"]
[Date "2020.12.01"]
[Round "6"]
[White "Kislov_Oleg"]
[Black "Zq1"]
[Result "0-1"]
[WhiteElo "2359"]
[BlackElo "2571"]
[TimeControl "180+1"]
[EndTime "11:05:25 PST"]
[Termination "Zq1 won by resignation"]

1. e4 c5 2. Nf3 d6 3. c3 Nf6 4.
Be2 g6 5. O-O Bg7 6. Re1 O-O 7.
Bf1 e5 8. h3 Nc6 9. d4 exd4 10.
cxd4 cxd4 11. Nxd4 Nxd4 12. Qxd4 Be6 13. Nc3 Nd5 14.
Qd3 Nxc3 15. bxc3 Rc8 16. Bd2 Qa5 17. Rec1 Bc4 18. Qxd6 Bxf1 19. Rxf1 Be5 20. Qd5 Qxd5 21. exd5 Rfd8 22. Rab1 b6 23. Rb5 Bxc3 24. Be3 Ba5 25. Rd1 f6 26. Rb3 Rc2 27. a3 Kf7 28. Bf4 Rd7 29.
h4 Rc3 30. Rxc3 Bxc3 31. Rd3 Be5 32. Be3 Ke7 33. f4 Bd6 34. Kf2 Rc7 35. Kf3 Rc4 36.
Bd4 Ra4 37. Bb2 Rxf4+ 38. Ke3 Rxh4 39. Kf3 Rf4+ 40. Ke3 Rg4 41. Kf2 Kd7 42. g3 f5 43.
Bc1 h5 44. Bb2 h4 45. gxh4 Rxh4 46. Bf6 Rh2+ 47. Kg1 Ra2 48. Rh3 Bc5+ 49. Kf1 Rxa3 50. Be5 Rxh3 0-1

[Event "*** Titled Tuesday Blitz"]
[Site "Chess.com"]
[Date "2020.12.01"]
[Round "6"]
[White "ChristopherYoo"]
[Black "AldokhinIvan"]
[Result "1-0"]
[WhiteElo "2847"]
[BlackElo "2492"]
[TimeControl "180+1"]
[EndTime "11:05:26 PST"]
[Termination "ChristopherYoo won by resignation"]

1. e4 c5 2. Nc3 e6 3. g3 Nc6 4.
Bg2 Nf6 5. Nge2 Be7 6. O-O Qc7 7. d4 cxd4 8. Nxd4 a6 9. Nxc6 bxc6 10. Qe2 e5 11. f4 d6 12. f5 Rb8 13. b3 O-O 14. g4 h6 15. h4 Nh7 16. Qe1 Qd8 17.
h5 Bg5 18. Be3 Bb7 19. Rd1 Nf6 20. Bxg5 hxg5 21. Bf3 Kh7 22. Qe3 Kh6 23. Rd2 Qe7 24. Rfd1 Rfd8 25. Re1 Ba8 26. Na4 Rb4 27. c3 Rbb8 28. c4 d5 29. exd5 cxd5 30. cxd5 Bxd5 31. Bxd5 Nxd5 32. Qxe5 Qa7+ 33. Qd4 Qxd4+ 34. Rxd4 Nf4 35. Rxd8 Rxd8 36. Nc3 Rd2 37. Re8 Kh7 38. Kf1 Rc2 39. Ne4 f6 40. h6 Rc1+ 41. Kf2 Rc2+ 42. Ke3 Re2+ 43. Kf3 Rc2 44. hxg7 Kxg7 45. Re7+ Kf8 46. Ra7 Nd5 47. Rxa6 Rc1 48. Nxf6 Nxf6 49. Rxf6+ Ke7 50. Rg6 Kd7 51. Rxg5 Rc3+ 52. Kf4 Rc2 53. Rg6 Rxa2 54. Re6 Rb2 55. Re3 Rf2+ 56. Kg5 Rf1 57. f6 1-0

[Event "*** Titled Tuesday Blitz"]
[Site "Chess.com"]
[Date "2020.12.01"]
[Round "6"]
[White "stefy02"]
[Black "ondoko"]
[Result "0-1"]
[WhiteElo "2229"]
[BlackElo "2117"]
[TimeControl "180+1"]
[EndTime "11:05:26 PST"]
[Termination "ondoko won by resignation"]

1. e4 c5 2. Nf3 d6 3. d4 cxd4 4. Qxd4 Nc6 5. Bb5 Bd7 6. Qd3 Nf6 7. c4 e6 8. O-O Be7 9. Nc3 O-O 10. h3 a6 11. Bxc6 Bxc6 12. Nd4 Qc7 13. Be3 Rac8 14.
Rac1 Qb8 15. a4 Rfd8 16. b3 Be8 17. f4 Nd7 18. f5 Ne5 19. Qe2 Bd7 20. Bf4 Bf6 21. fxe6 fxe6 22. Rcd1 Qc7 23. Qh5 Rf8 24. Nce2 Qc5 25. Kh1 Qb4 26. Bd2 Qb6 27. Bc3 Qc7 28. Nf4 Rce8 29. Nde2 b5 30. axb5 axb5 31. cxb5 Bxb5 32.
Bxe5 Bxe5 33. Qg4 Qe7 34. Rde1 Rf6 35. Rf2 Ref8 36. Ref1 Bxe2 37. Qxe2 Rxf4 38. Rxf4 Rxf4 39. Rc1 h6 40. Rc8+ Kh7 41. b4 Qf7 42. b5 Rf1+ 0-1

[Event "*** Titled Tuesday Blitz"]
[Site "Chess.com"]
[Date "2020.12.01"]
[Round "6"]
[White "PaulfromSPb"]
[Black "Arseniy_Nesterov"]
[Result "1-0"]
[WhiteElo "2688"]
[BlackElo "2836"]
[TimeControl "180+1"]
[EndTime "11:05:27 PST"]
[Termination "PaulfromSPb won by resignation"]

1. e4 e5 2. Nf3 Nc6 3. Bc4 Bc5 4. c3 Nf6 5. d3 d6 6. Bb3 O-O 7. Nbd2 a5 8. Nf1 b5 9. Ng3 a4 10. Bc2 h6 11. O-O Re8 12. Be3 Bxe3 13. fxe3 d5 14. exd5 Nxd5 15. Qd2 Qe7 16. Rae1 Be6 17. d4 Nb6 18. e4 Nc4 19. Qc1 exd4 20. cxd4 Bg4 21. b3 axb3 22. axb3 Na3 23. Bd1 Bxf3 24. Qxc6 Bxd1 25.
Rxd1 Qd6 26. Qc3 b4 27. Qf3 Qe6 28. d5 Qe7 29. Rde1 f6 30. Nf5 Qf8 31. Qg3 Kh7 32. Qxc7 Nb5 33. Qg3 Nc3 34. e5 fxe5 35. d6 Qf6 36.
Ne7 Qxd6 37. Rf7 Rg8 38. Nxg8 Rxg8 39. h3 Qe6 40. Rf2 Qxb3 41. Qd3+ e4 42. Rxe4 Qd5 43. Rd4+ 1-0

[Event "*** Titled Tuesday Blitz"]
[Site "Chess.com"]
[Date "2020.12.01"]
[Round "6"]
[White "JoliyRoger"]
[Black "Lupul_Cenusiu"]
[Result "0-1"]
[WhiteElo "2392"]
[BlackElo "2584"]
[TimeControl "180+1"]
[EndTime "11:05:27 PST"]
[Termination "Lupul_Cenusiu won on time"]

1. Nf3 Nf6 2. d4 d6 3. c4 c6 4. Nc3 Bf5 5. Nh4 Bg6 6. g3 Nbd7 7. Bg2 e5 8. O-O Be7 9. b3 O-O 10. Bb2 Re8 11. d5 c5 12. e4 Bh5 13. Bf3 Bg6 14.
Nf5 Bf8 15. Re1 a6 16. Bg2 Rb8 17. Bf1 Bh5 18. Be2 g6 19. Ne3 Bxe2 20. Qxe2 Nh5 21.
Rab1 Bg7 22. a3 Rf8 23. b4 Qe8 24. Nf5 gxf5 25. Qxh5 f4 26. g4 f6 27. Qxe8 Rfxe8 28. Rec1 Rec8 29. Nd1 h5 30. h3 Kf7 31. f3 Bf8 32.
Nf2 Nb6 33. b5 axb5 34. cxb5 Ra8 35. Kg2 Ra4 36. Nd1 Rca8 37. Nc3 Rd4 38. Rc2 Nc4 39.
Bc1 Rd3 40. b6 Be7 41. Nb5 Ra6 42. Kf2 Ne3 43. Bxe3 Rxe3 44. Nc7 Ra4 45. Nb5 Bf8 46. Re1 Rb3 0-1

[Event "*** Titled Tuesday Blitz"]
[Site "Chess.com"]
[Date "2020.12.01"]
[Round "6"]
[White "Onischuk_V"]
[Black "suyu28"]
[Result "1-0"]
[WhiteElo "2844"]
[BlackElo "2653"]
[TimeControl "180+1"]
[EndTime "11:05:28 PST"]
[Termination "Onischuk_V won by checkmate"]

1. e4 c6 2. d4 d5 3. Nc3 dxe4 4.
Nxe4 Nf6 5. Nxf6+ exf6 6. c3 Bd6 7. Bd3 O-O 8. Ne2 Re8 9. Qc2 h5 10. O-O h4 11. h3 Nd7 12. Be3 Nf8 13. Rad1 Bb8 14.
Rfe1 Be6 15. c4 g5 16. d5 cxd5 17. cxd5 Bd7 18. Qb3 Kg7 19. Qxb7 Bd6 20. Nd4 Qa5 21.
Nf5+ Bxf5 22. Bxf5 Qxa2 23. Bd4 Qa5 24. Be6 Qc7 25.
Qxc7 Bxc7 26. Bf5 Be5 27. Bc5 Bxb2 28. Rxe8 Rxe8 29. Bxa7 Be5 30. d6 Rd8 31. d7 Ne6 32. Bxe6 fxe6 33. Bb6 Rxd7 34. Rxd7+ Kg6 35. Kf1 Kf5 36.
Ke2 Ke4 37. Rd3 f5 38. Bd8 Bf4 39. Bf6 g4 40. Rd4# 1-0

[Event "*** Titled Tuesday Blitz"]
[Site "Chess.com"]
[Date "2020.12.01"]
[Round "6"]
[White "Gogolev_Artemy"]
[Black "VladaSviridova"]
[Result "0-1"]
[WhiteElo "2410"]
[BlackElo "2308"]
[TimeControl "180+1"]
[EndTime "11:05:28 PST"]
[Termination "VladaSviridova won on time"]

1. Nf3 d5 2. c4 c6 3. d4 Nf6 4. e3 Bf5 5. Nc3 e6 6. Nh4 Be4 7. f3 Bg6 8. Qb3 Qc7 9. Bd2 Be7 10. cxd5 cxd5 11. O-O-O Nbd7 12. Nxg6 hxg6 13. g3 a6 14. Kb1 b5 15. Rc1 Qb6 16. Bd3 Rb8 17. h4 Qb7 18. e4 Qb6 19. Be3 Ne5 20. Be2 Nc4 21.
Nd1 Nxe3 22. Qxe3 dxe4 23. fxe4 O-O 24. g4 Rfc8 25. Nf2 Rxc1+ 26. Rxc1 Qb7 27. g5 Nd7 28. Qc3 Nb6 29. Qc7 Qxc7 30. Rxc7 Bd8 31. Ra7 a5 32. Rxa5 Nc4 33. Ra7 Nd2+ 34. Kc2 Nc4 35. Bxc4 bxc4 36.
Kc3 Bb6 37. Ra5 Bxa5+ 38. Kxc4 Rxb2 39. Nd3 Rxa2 40. d5 exd5+ 0-1

[Event "*** Titled Tuesday Blitz"]
[Site "Chess.com"]
[Date "2020.12.01"]
[Round "6"]
[White "ChainsOfFantasia"]
[Black "IMTominho"]
[Result "1/2-1/2"]
[WhiteElo "2516"]
[BlackElo "2752"]
[TimeControl "180+1"]
[EndTime "11:05:29 PST"]
[Termination "Game drawn by repetition"]

1. d4 d5 2. Nf3 Nf6 3. c4 c6 4. Nc3 a6 5. cxd5 cxd5 6. Bf4 Nc6 7. e3 Bg4 8. Be2 e6 9. Rc1 Be7 10. O-O O-O 11. Ne5 Bxe2 12. Nxc6 Bxd1 13. Nxd8 Rfxd8 14. Rfxd1 b5 15. f3 Rac8 16. g4 Ne8 17. Nb1 Nd6 18.
Bxd6 Bxd6 19. h3 Kf8 20. Kf1 Ke7 21. Ke2 h5 22. Nd2 hxg4 23. hxg4 Rh8 24. Rxc8 Rxc8 25. Kd3 Rh8 26. Rc1 Rh2 27. a3 Kd7 28. Rc2 Rf2 29. f4 f6 30. Nb3 Rf1 31. Ke2 Rg1 32. Kf3 g5 33. Rc1 Rxc1 34. Nxc1 e5 35. fxg5 e4+ 36. Ke2 fxg5 37. Kd2 a5 38. Nb3 Bc7 39. Nc5+ Kd6 40. b4 axb4 41. axb4 Bb6 42. Kc3 Bc7 43. Nb3 Ke7 44. Nc1 Bg3 45. Kd2 Bd6 46.
Na2 Kd7 47. Kc2 Kc6 48. Kd2 Bf8 49. Kc2 Be7 50. Kd2 Bd6 51. Ke2 Bg3 52. Kd2 Bf2 53. Nc1 Bg1 54. Na2 Bh2 55. Nc3 Bg3 56. Na2 Bb8 57. Ke2 Bd6 58. Kd2 Be7 59. Ke2 Bf6 60. Kd2 Bh8 61. Ke2 Bg7 62. Kd2 Bf6 63. Ke2 Be7 64.
Kd2 Bd6 65. Ke2 Bg3 66. Kd2 1/2-1/2

[Event "*** Titled Tuesday Blitz"]
[Site "Chess.com"]
[Date "2020.12.01"]
[Round "6"]
[White "Semetey"]
[Black "Leo_C"]
[Result "1-0"]
[WhiteElo "2587"]
[BlackElo "2366"]
[TimeControl "180+1"]
[EndTime "11:05:29 PST"]
[Termination "Semetey won by resignation"]

1. Nf3 d5 2. e3 Nf6 3. c4 c6 4. Nc3 e6 5. b3 Bd6 6. Bb2 O-O 7.
d4 Nbd7 8. Be2 b6 9. O-O Bb7 10. Rc1 Rc8 11. Qc2 c5 12. cxd5 exd5 13. Rfd1 Qe7 14.
Qb1 Rfd8 15. Rc2 Ne4 16. dxc5 Nxc3 17. cxd6 Nxe2+ 18. Rxe2 Qxd6 19. Red2 Qg6 20. Qa1 d4 21. Nh4 Qg5 22. Rxd4 Ne5 23. Rxd8+ Rxd8 24. Rxd8+ Qxd8 25. Nf5 Qd7 26. Ng3 Qd5 27. f3 Nxf3+ 28. gxf3 Qxf3 29.
Qf1 Qxe3+ 30. Qf2 Qd3 31. Qe2 Qb1+ 32. Nf1 h6 33. Kf2 Kh7 34. Be5 Be4 35. Bg3 Bg6 36. Ne3 Qf5+ 37. Nxf5 Bxf5 38. Qf3 Bg6 39. Qb7 f5 40.
Qxa7 1-0

[Event "*** Titled Tuesday Blitz"]
[Site "Chess.com"]
[Date "2020.12.01"]
[Round "6"]
[White "NiranjanNavalgund"]
[Black "ChessteacherPalmS"]
[Result "1-0"]
[WhiteElo "2442"]
[BlackElo "2312"]
[TimeControl "180+1"]
[EndTime "11:05:29 PST"]
[Termination "NiranjanNavalgund won on time"]

1. d4 d5 2. c3 Nf6 3. Nf3 Nbd7 4. Bf4 e6 5. e3 Bd6 6. Bg3 Bxg3 7. hxg3 c5 8. Nbd2 Qb6 9. Qb3 h6 10. Be2 c4 11. Qc2 Qc7 12. b3 b5 13. a4 cxb3 14.
Qxb3 bxa4 15. Rxa4 Rb8 16. Qa3 Ra8 17. O-O Nb6 18. Ra5 Qe7 19. Rb1 Qxa3 20. Rxa3 Bb7 21. c4 dxc4 22. Nxc4 O-O 23. Nd6 Bd5 24. Ne5 Ne4 25.
Nxe4 Bxe4 26. Rba1 Rfc8 27. f3 Bd5 28. Rxa7 Rxa7 29.
Rxa7 Bc4 30. Bd1 f6 31. Ng6 Ra8 32. Ne7+ Kf7 33. Rb7 Ra1 34. Nd5+ Kg6 35. Nf4+ Kh7 36. Rxb6 Rxd1+ 37. Kh2 Rd2 38. Nxe6 Bf1 39. Rb7 Rxg2+ 40. Kh1 Rxg3 41. Nf8+ Kg8 42. Ne6 Bc4 43. Nf4 Rxf3 44. Re7 g5 45. Kg2 1-0

[Event "*** Titled Tuesday Blitz"]
[Site "Chess.com"]
[Date "2020.12.01"]
[Round "6"]
[White "Ajedrez_con_German"]
[Black "rududuyk"]
[Result "0-1"]
[WhiteElo "2458"]
[BlackElo "2238"]
[TimeControl "180+1"]
[EndTime "11:05:30 PST"]
[Termination "rududuyk won by resignation"]

1. d4 e6 2. Nf3 f5 3. g3 Nf6 4.
Bg2 d6 5. O-O Be7 6. c4 O-O 7.
Nc3 Ne4 8. Qc2 Nxc3 9. bxc3 Nc6 10. e4 e5 11. dxe5 dxe5 12. exf5 Bxf5 13. Qb3 Rb8 14.
Ba3 Bxa3 15. Qxa3 Bg4 16. Ne1 Be2 17. Qc5 Bxf1 18. Kxf1 Qf6 19. Rd1 Kh8 20. Qe3 Na5 21. c5 Rbd8 22. Rxd8 Rxd8 23. h3 Nc4 24. Qe2 Qa6 25.
Kg1 Rd2 26. Qf3 Qf6 27. Qxf6 gxf6 28. Bxb7 Rxa2 29. Bd5 Ra1 30. Kf1 Nb2 31. Ke2 a5 32. Nf3 a4 33. Nd2 a3 34. Nb3 Rb1 35. Na5 Na4 36. Kd3 Rc1 37. Kd2 Rxc3 38. Bb3 Rxc5 39. Bxa4 Rxa5 40. Bb3 a2 0-1

[Event "*** Titled Tuesday Blitz"]
[Site "Chess.com"]
[Date "2020.12.01"]
[Round "6"]
[White "javirec"]
[Black "GMStefanova"]
[Result "0-1"]
[WhiteElo "2367"]
[BlackElo "2535"]
[TimeControl "180+1"]
[EndTime "11:05:31 PST"]
[Termination "GMStefanova won on time"]

1. e4 e5 2. Nf3 Nc6 3. Bb5 a6 4. Ba4 Nge7 5. c3 g6 6. d4 exd4 7. cxd4 b5 8. Bb3 Bg7 9. Nc3 O-O 10. O-O d6 11. h3 Na5 12. Bc2 c5 13. Bg5 h6 14.
Bh4 cxd4 15. Nxd4 Qd7 16. Rc1 Bb7 17. Bb1 Rac8 18. Bg3 Nc4 19. b3 Na3 20. Re1 Nxb1 21. Nxb1 Rxc1 22. Qxc1 Bxd4 23. Qxh6 Bg7 24. Qh4 Nc6 25.
Rd1 Ne5 26. f4 Nc6 27. Nd2 Qd8 28.
Qg4 Nd4 29. f5 Bc8 30. Rf1 Qa5 31. Nf3 gxf5 32. Qh5 Ne2+ 33. Kh2 Nxg3 34. Kxg3 Qc3 35. exf5 Bb7 36. Kh2 Bxf3 37. Rxf3 Qf6 38. Rg3 Re8 39. Rg4 Re1 40. Rh4 Qe5+ 41. g3 Qb2+ 0-1

[Event "*** Titled Tuesday Blitz"]
[Site "Chess.com"]
[Date "2020.12.01"]
[Round "6"]
[White "MF1966Idrisov"]
[Black "glebus008"]
[Result "1-0"]
[WhiteElo "2381"]
[BlackElo "2236"]
[TimeControl "180+1"]
[EndTime "11:05:31 PST"]
[Termination "MF1966Idrisov won on time"]

1. Nf3 d5 2. b3 Nf6 3. Bb2 c5 4.
e3 a6 5. d4 e6 6. Bd3 Nc6 7.
O-O Bd6 8. Nbd2 O-O 9. Ne5 Nb4 10. Be2 Qc7 11. a3 cxd4 12. exd4 Nc6 13. f4 Ne4 14. Nxe4 dxe4 15. c4 f6 16. Nxc6 Qxc6 17. Qd2 b6 18.
b4 Bb7 19. Qe3 b5 20. c5 Be7 21. f5 exf5 22. Rxf5 Rad8 23. Bf1 Qe6 24. Rf2 Bd5 25. a4 Rb8 26. axb5 axb5 27. Ra5 Qd7 28. Qe2 Bc6 29. Bc3 f5 30. Qa2+ Kh8 31. Ra7 Rb7 32. Rxb7 Qxb7 33. g3 Bf6 34. Qe6 g6 35. d5 Bxc3 36. dxc6 Qg7 37.
Rc2 Bxb4 38. c7 Qxc7 39. c6 Be1 40. Bxb5 Rd8 41. Bc4 Qb6+ 42. Kg2 1-0